 Dungeon Sprint DCSS version 0.31-a0-7-g51783674b7 (webtiles) character file.

Game seed: 7359650652703532359

822 sircluck the Grappler (level 7, 0/78 HPs)
             Began as a Troll Berserker on May 5, 2023.
             Was a High Priest of Trog.
             Shot with an arrow by a centaur (8 damage)
             ... in the Dungeon (Sprint IX: "|||||||||||||||||||||||||||||").
             The game lasted 00:00:48 (143 turns).

sircluck the Grappler (Troll Berserker)              Turns: 143, Time: 00:00:48

Health: 0/78       AC:  4    Str: 28    XL:     7   Next: 63%
Magic:  6/6        EV: 13    Int:  6    God:    Trog [*****.]
Gold:   0          SH:  0    Dex: 12    Spells: 6/6 levels left

rFire   . .          .
                       - Unarmed
rCold   . . .        (no shield)
rNeg    . . .        a - +0 animal skin
rPois   .            (helmet restricted)
rElec   .            (no cloak)
rCorr   .            (gloves unavailable)
SInv    .            (boots unavailable)
Will    .....        (no amulet)
Stlth   +            k - +3 ring of dexterity
HPRegen 1.13/turn    j - +3 ring of intelligence
MPRegen 0.10/turn

%: no teleportation
@: on berserk cooldown, slowed, very slow
A: large, unfitting armour, claws 3, regeneration 1, shaggy fur 1, tough skin 1
a: Renounce Religion, Berserk, Trog's Hand, Brothers in Arms


You were in the Dungeon.
You worshipped Trog.
Trog was extremely pleased with you.
You visited 1 branch

Inventory:

Armour
 a - a +0 animal skin (worn)
Jewellery
 j - a +3 ring of intelligence (right claw)
 k - a +3 ring of dexterity (left claw)
Wands
 i - a wand of acid (10)
Scrolls
 g - a scroll of blinking
Potions
 b - 5 potions of curing
 c - 3 potions of heal wounds
 d - a potion of haste
 e - 4 potions of magic
 f - a potion of berserk rage
 h - a potion of invisibility


   Skills:
 + Level 7.3 Fighting
 + Level 8.7 Dodging
 + Level 0.7 Stealth
 + Level 11.3 Unarmed Combat


You had 6 spell levels left.
You didn't know any spells.
Your spell library was empty.

Dungeon Overview and Level Annotations

Branches:
Dungeon (1/1)

Altars:
Cheibriados
Dithmenos
Elyvilon
Fedhas
Gozag
Hepliaklqana
Kikubaaqudgha
Makhleb
Nemelex Xobeh
Okawaru
Qazlal
Ru
Sif Muna
Trog
Uskayaw
Vehumet
Wu Jian
Xom
Yredelemnul
Zin
The Shining One
Jiyva
Lugonu


Innate Abilities, Weirdness & Mutations

You are too large for most types of armour.
You have claws for hands.
Your natural rate of healing is unusually fast.
You are covered in fur. (AC +1)
You have tough skin. (AC +1)


Message History

Trog will now gift you melee weapons as you gain piety.
The centaur wields a +0 shortbow.
The centaur shoots an arrow.
The arrow misses you.
Your Unarmed Combat skill increases to level 11!
The centaur unwields a +0 shortbow.
The centaur hits you but does no damage.
The centaur closely misses you.
Things that are here:
a +0 dagger; a curare-tipped dart You mangle the centaur!!
You kill the centaur!
Trog accepts your kill.
Things that are here:
a +0 shortbow; a centaur corpse You feel a strong urge to attack something.
You are no longer berserk.
You are exhausted.
You feel yourself slow down.
You open the door.
A centaur, a wraith, a tarantella, a tengu conjurer, a white ugly thing and a gargoyle come into view.
The centaur shouts!
The tengu conjurer shouts!
The centaur hits you.
* * * LOW HITPOINT WARNING * * *
The centaur kicks you.
* * * LOW HITPOINT WARNING * * *
Blink to where?
Press: ? - help, Q - select action, (/) - cycle Dir - move target
As you read the scroll of blinking, it crumbles to dust.
The centaur wields a +0 shortbow.
The centaur shoots an arrow.
The arrow hits you.
* * * LOW HITPOINT WARNING * * *
You close the door, pushing everything out of the way.
Things that are here:
an orc corpse; a howler monkey corpse A centaur opens the door.
The centaur shoots an arrow.
The arrow hits you!
* * * LOW HITPOINT WARNING * * *
You see here a +0 plate armour.
The centaur shoots an arrow.
The arrow closely misses you.
The centaur shoots an arrow.
The arrow hits you!
You die... ▓▓▓▓▓▓▓▓▓▓▓▓▓▓▓▓▓▓▓▓▓▓▓▓▓▓▓▓▓▓▓▓▓ __________'.?).[@[.†'cWs..c'Ws.Qu ▓▓▓▓▓▓▓▓▓▓▓▓▓▓▓▓▓▓▓▓▓▓▓▓▓▓▓▓▓▓▓▓▓

You could see a wraith, a tarantella and a centaur.

Vanquished Creatures
  An unseen horror (D)
  A troll (D)
  An orc warrior (D)
  An ogre (D)
  A centaur (D)
  A kobold brigand (D)
  A howler monkey (D)
  A gnoll bouda (D)
  An orc wizard (D)
  An iguana (D)
  An orc (D)
  2 endoplasms (D)
  A hobgoblin (D)
  A frilled lizard (D)
  A rat (D)
16 creatures vanquished.

Notes
Turn   | Place    | Note
-------+----------+-------------------------------------------
     0 | D        | sircluck the Troll Berserker began the quest for the Orb.
     0 | D        | Reached XP level 1. HP: 22/22 MP: 0/0
    12 | D        | Reached ** piety under Trog
    19 | D        | Noticed an iguana
    19 | D        | Noticed an orc wizard
    19 | D        | Noticed a gnoll bouda
    19 | D        | Noticed an ogre
    26 | D        | Killed an iguana
    26 | D        | Reached *** piety under Trog
    27 | D        | Reached skill level 4 in Unarmed Combat
    27 | D        | Reached XP level 2. HP: 18/31 MP: 1/1
    27 | D        | Reached XP level 3. HP: 22/37 MP: 2/2
    43 | D        | Reached skill level 5 in Unarmed Combat
    50 | D        | Reached skill level 6 in Unarmed Combat
    50 | D        | Reached XP level 4. HP: 32/48 MP: 3/3
    52 | D        | Killed an ogre
    52 | D        | Reached **** piety under Trog
    53 | D        | Reached skill level 5 in Fighting
    53 | D        | Reached skill level 5 in Dodging
    53 | D        | Reached skill level 7 in Unarmed Combat
    53 | D        | Reached XP level 5. HP: 4/57 MP: 4/4
    59 | D        | Found a snail-covered altar of Cheibriados.
    59 | D        | Found a shadowy altar of Dithmenos.
    59 | D        | Found a white marble altar of Elyvilon.
    59 | D        | Found a blossoming altar of Fedhas.
    59 | D        | Found an opulent altar of Gozag.
    60 | D        | Found a hazy altar of Hepliaklqana.
    61 | D        | Found a viscous altar of Jiyva.
    62 | D        | Found an ancient bone altar of Kikubaaqudgha.
    63 | D        | Found a corrupted altar of Lugonu.
    64 | D        | Found a burning altar of Makhleb.
    65 | D        | Found a sparkling altar of Nemelex Xobeh.
    66 | D        | Found an iron altar of Okawaru.
    67 | D        | Found a stormy altar of Qazlal.
    68 | D        | Found a sacrificial altar of Ru.
    69 | D        | Found a shimmering blue altar of Sif Muna.
    70 | D        | Found a bloodstained altar of Trog.
    71 | D        | Found a hide-covered altar of Uskayaw.
    72 | D        | Found a radiant altar of Vehumet.
    73 | D        | Found an ornate altar of the Wu Jian Council.
    74 | D        | Found a shimmering altar of Xom.
    75 | D        | Found a basalt altar of Yredelemnul.
    76 | D        | Found a glowing silver altar of Zin.
    77 | D        | Found a glowing golden altar of the Shining One.
   111 | D        | Noticed an orc warrior
   111 | D        | Noticed a troll
   111 | D        | Noticed a centaur
   113 | D        | Killed an orc warrior
   114 | D        | Reached skill level 8 in Unarmed Combat
   117 | D        | Reached XP level 6. HP: 67/67 MP: 5/5
   123 | D        | Killed a troll
   124 | D        | Reached skill level 10 in Unarmed Combat
   128 | D        | Killed an unseen horror
   129 | D        | Reached XP level 7. HP: 13/78 MP: 6/6
   130 | D        | Reached ***** piety under Trog
   131 | D        | Reached skill level 11 in Unarmed Combat
   138 | D        | Noticed a wraith
   138 | D        | Noticed a tarantella
   138 | D        | Noticed a tengu conjurer
   138 | D        | Noticed a white ugly thing
   138 | D        | Noticed a gargoyle
   143 | D        | Shot with an arrow by a centaur

Illustrated notes

Levels and vault maps discovered:
D:        linesprint [early_d, line_temple, items_1, d_10, items_2, lair_1,
          lair_end, items_3, orc_1, orc_end, items_4, d_15, swamp_1, shoals_1,
          snake_1, spider_1, d_20, vaults_1, items_5, swamp_end, shoals_end,
          snake_end, spider_end, vaults_end, d_27, items_6, zot_1, zot_end,
          crypt_end, forest_end, elf_end, slime_end, tomb_end, abyss_end,
          pan_hell_end]

Skill      XL: |  1  2  3  4  5  6  7 |
---------------+----------------------+-----
Fighting       | 3 4 5 7 |  7.3
Dodging        | 3 4 5 6 8 |  8.7
Unarmed Combat | 4 6 7 8 10 11 | 11.3
Stealth        | |  0.7

Action                     |  1- 3 |  4- 6 |  7- 9 || total
---------------------------+-------+-------+-------++-------
  Melee: Unarmed           |    36 |    18 |     3 ||    57
         Punch             |       |     1 |       ||     1
 Invoke: Berserk           |       |     1 |       ||     1
    Use: Scroll            |       |       |     1 ||     1
 Armour: Animal skin       |    10 |     3 |     1 ||    14
  Dodge: Dodged            |    10 |    11 |     3 ||    24

Table legend: (Time is in decaauts)
 A = Elapsed time spent in this place.
 B = Non-inter-level travel time spent in this place.
 C = Inter-level travel time spent in this place.
 D = Time resting spent in this place.
 E = Time spent auto-exploring this place.
 F = Levels seen in this place.
 G = Mean time per level.
                   A        B        C        D        E       F      G
               +--------+--------+--------+--------+--------+-----+--------+
         Total |    137 |    137 |      0 |      0 |      3 |   1 |  137.0 |
       Dungeon |    137 |    137 |      0 |      0 |      3 |   1 |  137.0 |
               +--------+--------+--------+--------+--------+-----+--------+

Top non-repeatable levels by time:
       D: 137 daAuts
